 Dungeon Crawl Stone Soup version 0.26.1-11-gd32895ea62 (webtiles) character file.

Game seed: 778771547656980296

10563 quackenbush666 the Fighter (level 11, -4/92 HPs)
             Began as a Demonspawn Gladiator on July 16, 2021.
             Was a Priest of Cheibriados.
             Slain by a vampire knight
             ... wielding a +3 great mace
              (7 damage)
             ... on level 10 of the Dungeon.
             The game lasted 00:16:58 (10529 turns).

quackenbush666 the Fighter (Demonspawn Gladiator)  Turns: 10529, Time: 00:16:59

Health: -4/92      AC: 11    Str: 22    XL:     11   Next: 37%
Magic:  0/24       EV: 17    Int: 21    God:    Cheibriados [***...]
Gold:   568        SH: 15    Dex: 23    Spells: 15/16 levels left

rFire    + . .     SeeInvis .   a - +0 long sword
rCold    . . .     Faith    .   w - +3 buckler
rNeg     . . .     Spirit   +   n - +2 ring mail {rF+}
rPois    .         Reflect  .   v - +2 helmet
rElec    .         Harm     .   (no cloak)
rCorr    .         Rampage  .   (no gloves)
Will     .....                  K - +0 pair of boots
Stlth    ++........             F - amulet of regeneration
HPRegen  0.65/turn              k - +4 ring of slaying
MPRegen  0.38/turn              y - ring of magical power

@: about to teleport, very slow
A: claws 1, large bone plates 2, powered by death 2, magic shield, magic
regeneration
a: Renounce Religion, Bend Time, Temporal Distortion


You were on level 10 of the Dungeon.
You worshipped Cheibriados.
Cheibriados was most pleased with you.
You visited 2 branches of the dungeon, and saw 12 of its levels.

You collected 733 gold pieces.
You spent 165 gold pieces at shops.

Inventory:

Hand Weapons
 a - a +0 long sword (weapon)
Missiles
 d - 4 throwing nets
 l - 16 poisoned darts
 o - 6 javelins (quivered)
Armour
 n - a +2 ring mail of fire resistance (worn)
 v - a +2 helmet (worn)
 w - a +3 buckler (worn)
 K - a +0 pair of boots (worn)
Jewellery
 k - a +4 ring of slaying (left claw)
 u - the ring "Egilloph" {Ice MP+9}
   (You found it on level 5 of the Dungeon)

   [ring of ice]

   It enhances your ice magic.
   It makes you vulnerable to fire.
   It protects you from cold.
   It affects your magic capacity (+9).
 y - a ring of magical power (right claw)
 F - an amulet of regeneration (around neck)
Wands
 e - a wand of random effects (13)
 t - a wand of disintegration (3)
 x - a wand of iceblast (3)
 A - a wand of paralysis (8)
 I - a wand of enslavement (5)
 M - a wand of flame (25)
Scrolls
 i - 5 scrolls of teleportation
 j - 3 scrolls of amnesia
 q - 5 scrolls of enchant armour
 r - 3 scrolls of remove curse
 D - a scroll of identify
 J - 2 scrolls of fog
Potions
 b - 2 potions of degeneration
 c - 2 potions of heal wounds {unknown}
 h - 4 potions of curing
 m - 4 potions of flight {unknown}
 p - 2 potions of attraction {unknown}
 s - a potion of cancellation {unknown}
 z - 2 potions of invisibility {unknown}
 B - a potion of ambrosia {unknown}
 C - a potion of brilliance
 E - 2 potions of berserk rage
 G - 2 potions of haste {unknown}
 H - 2 potions of mutation
Miscellaneous
 f - a condenser vane (inert)


   Skills:
 + Level 10.6 Fighting
 - Level 7.0 Long Blades
 - Level 6.0 Throwing
 - Level 7.0 Dodging
 - Level 4.0 Stealth
 - Level 4.0 Shields
 - Level 3.0 Spellcasting
 - Level 3.0 Translocations
 - Level 4.0 Evocations


You had 15 spell levels left.
You knew the following spells:

 Your Spells              Type           Power        Failure   Level
a - Apportation           Tloc           30%          6%          1

Your spell library contained the following spells:

 Spells                   Type           Power        Failure   Level
 Animate Skeleton         Necr           6%           22%         1
 Corona                   Hex            3%           22%         1
 Freeze                   Ice            12%          22%         1
 Shock                    Conj/Air       12%          22%         1
 Summon Small Mammal      Summ           12%          22%         1
 Swiftness                Air            3%           32%         2
 Frozen Ramparts          Ice            6%           54%         3
 Ozocubu's Armour         Ice            3%           54%         3
 Static Discharge         Conj/Air       3%           54%         3
 Airstrike                Air            1%           91%         4
 Hailstorm                Conj/Ice       3%           91%         4
 Summon Ice Beast         Ice/Summ       3%           91%         4
 Lightning Bolt           Conj/Air       1%           99%         5


Dungeon Overview and Level Annotations

Branches:
Dungeon (11/15)            Temple (1/1) D:7            Lair (0/6) D:8
    Orc: D:9-12

Altars:
Ashenzari
Cheibriados
Dithmenos
Elyvilon
Fedhas
Gozag
Hepliaklqana
Kikubaaqudgha
Makhleb
Nemelex Xobeh
Okawaru
Qazlal
Ru
Sif Muna
Trog
Uskayaw
Vehumet
Wu Jian
Xom
Yredelemnul
Zin
The Shining One

Shops:
D:5 [

Annotations:
D:4 2 transporters, Gorgoleon's ghost, amateur MfGl
D:11 2 transporters, Ekaitz's ghost, journeyman DsEE; Maurice


Innate Abilities, Weirdness & Mutations

You have sharp fingernails.
You are mostly covered in large bone plates. (SH +6)
You regenerate health from kills.
When hurt, damage is shared between your health and your magic reserves.
You regenerate magic rapidly.


Message History

Something hits you!! Something completely misses you.
Okay, then.
Unknown command.
Okay, then.
Unknown command.
Aiming: Disintegrate
Press: ? - help, Shift-Dir - straight line, p - two-headed ogre Something is blasted!
Aiming: Disintegrate
Press: ? - help, Shift-Dir - straight line Nothing appears to happen.
Something hits you!!
* * * LOW HITPOINT WARNING * * *
Something bites you.
* * * LOW HITPOINT WARNING * * *
Something draws strength from your injuries!
As you read the scroll of teleportation, it crumbles to dust.
You feel strangely unstable. Something hits you!!
* * * LOW HITPOINT WARNING * * *
Something bites you!
You die...

###.###......###.#####.≈###≈#
........####...........≈≈≈≈≈#
##........##.###.#####.≈≈#≈≈# ###
#....####.........####.≈≈#≈≈###..
..##.########.##.....#.≈≈#≈≈.....
####.....# #.###..#.##≈≈≈≈≈.....
#####.####..###.#.#.≈###≈#....
#...###.###.#.#.≈≈≈≈≈#.(..
###......@{.O.B.(...##....
#####.###..##...#....... #.#
##.#>...###..... #[# #.†.†..#
##.... ######## #.# #..#...#
#.... .......##### #.####..#...#
#.... ######.....###.##....#...#
#.... #####..##.##B##.#...##
#.... ###...............# ##...


You could see a two-headed ogre and a worker ant.

Vanquished Creatures
  Gastronok (D:8)
  Erolcha (D:11)
  A boulder beetle (D:11)
  A queen ant (D:11)
  A two-headed ogre (D:11)
  A manticore (D:11)
  Psyche (D:10)
  A hornet (D:11)
  A wyvern (D:11)
  Menkaure (D:4)
  7 soldier ants (D:11)
  Duvessa (D:6)
  A water moccasin (D:8)
  3 orc warriors
  A sky beast (D:8)
  3 ice beasts
  An eye of draining (D:11)
  5 ogres
  A necrophage (D:8)
  3 centaurs
  2 big kobolds
  3 bullfrogs
  Dowan (D:6)
  A wyvern skeleton (D:5)
  2 scorpions
  4 killer bees
  7 wights
  A bullfrog zombie (D:5)
  4 orc priests
  7 hounds
  2 centaur zombies
  A bullfrog skeleton (D:4)
  6 orc wizards
  An iguana (D:4)
  Natasha (thrice) (D:3)
  Terence (D:3)
  22 worker ants
  A hound skeleton (D:10)
  2 worker ant zombies
  Robin (D:3)
  10 adders
  4 gnolls (D:6)
  A howler monkey skeleton (D:4)
  2 shadow imps (D:5)
  4 white imps
  3 ufetubi
  3 adder skeletons
  A worm (D:2)
  2 dart slugs
  3 leopard geckos
  29 orcs
  2 ball pythons
  8 giant cockroaches
  12 goblins
  8 hobgoblins
  8 jackals
  9 kobolds
  3 quokkas
  5 bats
  6 frilled lizards
  A jackal zombie (D:8)
  A quokka zombie (D:8)
  5 rats
238 creatures vanquished.

Notes
Turn   | Place    | Note
-------+----------+-------------------------------------------
     0 | D:1      | quackenbush666 the Demonspawn Gladiator began the quest for
                  | the Orb.
     0 | D:1      | Reached XP level 1. HP: 16/16 MP: 1/1
   509 | D:1      | Gained mutation: When hurt, damage is shared between your
                  | health and your magic reserves. [demonic ancestry]
   509 | D:1      | Reached XP level 2. HP: 18/22 MP: 2/2
  1222 | D:2      | Found a shadowy altar of Dithmenos.
  1444 | D:2      | Found an ornate altar of the Wu Jian Council.
  1565 | D:2      | Gained mutation: You are partially covered in large bone
                  | plates. (SH +4) [demonic ancestry]
  1565 | D:2      | Reached XP level 3. HP: 25/28 MP: 3/3
  1767 | D:2      | Reached skill level 1 in Evocations
  2195 | D:2      | Reached XP level 4. HP: 18/34 MP: 2/4
  2515 | D:3      | Noticed Terence
  2534 | D:3      | Killed Terence
  2588 | D:3      | Reached skill level 3 in Fighting
  2602 | D:3      | Noticed Robin
  2620 | D:3      | Killed Robin
  2637 | D:3      | Gained mutation: You are mostly covered in large bone
                  | plates. (SH +6) [demonic ancestry]
  2637 | D:3      | Reached XP level 5. HP: 30/41 MP: 5/5
  2831 | D:3      | Noticed Natasha
  2837 | D:3      | Killed Natasha
  2904 | D:3      | Noticed Natasha
  2910 | D:3      | Killed Natasha
  2911 | D:3      | Noticed Natasha
  2916 | D:3      | Killed Natasha
  3006 | D:3      | Found a burning altar of Makhleb.
  3039 | D:3      | Noticed a balrug
  3043 | D:3      | Noticed a hellwing
  3043 | D:3      | Noticed a ynoxinul
  3178 | D:4      | Found a transporter.
  3181 | D:4      | Noticed Gorgoleon's ghost (amateur MfGl)
  3200 | D:4      | Found a transporter.
  3494 | D:4      | Noticed an ogre
  3524 | D:4      | Killed an ogre
  3525 | D:4      | Gained mutation: You regenerate a little health from kills.
                  | [demonic ancestry]
  3525 | D:4      | Reached XP level 6. HP: 48/48 MP: 6/6
  3844 | D:4      | Noticed Menkaure
  3847 | D:4      | Killed Menkaure
  3848 | D:4      | Reached skill level 4 in Fighting
  3848 | D:4      | Gained mutation: You regenerate magic rapidly. [demonic
                  | ancestry]
  3848 | D:4      | Reached XP level 7. HP: 54/54 MP: 7/7
  4310 | D:4      | Learned a level 1 spell: Apportation
  4353 | D:5      | Entered Level 5 of the Dungeon
  4363 | D:5      | Found an ancient bone altar of Kikubaaqudgha.
  4369 | D:5      | Got a crude marble ring
  4390 | D:5      | Identified the ring "Egilloph" {Ice MP+9} (You found it on
                  | level 5 of the Dungeon)
  4598 | D:5      | Found Qicveimn's Antique Armour Shop.
  4601 | D:5      | Bought a runed buckler for 165 gold pieces
  4627 | D:5      | Reached skill level 1 in Shields
  5326 | D:5      | Reached XP level 8. HP: 61/61 MP: 8/8
  5476 | D:6      | Noticed Dowan
  5480 | D:6      | Noticed Duvessa
  5496 | D:6      | Killed Duvessa
  5497 | D:6      | Reached skill level 5 in Long Blades
  5511 | D:6      | Killed Dowan
  5859 | D:6      | Found a blossoming altar of Fedhas.
  5859 | D:6      | Found a bloodstained altar of Trog.
  6007 | D:6      | Got a shimmering bone amulet
  6182 | D:6      | Identified the amulet of Bytios {Acrobat Str-4 Int+9} (You
                  | found it on level 6 of the Dungeon)
  6431 | D:7      | Reached skill level 1 in Translocations
  6969 | D:7      | Found a staircase to the Ecumenical Temple.
  7200 | Temple   | Entered the Ecumenical Temple
  7414 | Temple   | Became a worshipper of Cheibriados the Contemplative
  7515 | D:8      | Found a white marble altar of Elyvilon.
  7529 | D:8      | Noticed Gastronok
  7556 | D:8      | Killed Gastronok
  7557 | D:8      | Reached skill level 5 in Fighting
  7557 | D:8      | Reached skill level 5 in Dodging
  7557 | D:8      | Reached XP level 9. HP: 32/69 MP: 9/9
  7752 | D:8      | Reached skill level 6 in Fighting
  8022 | D:8      | Reached * piety under Cheibriados
  8035 | D:8      | Gained mutation: You have sharp fingernails. [demonic
                  | ancestry]
  8035 | D:8      | Reached XP level 10. HP: 59/76 MP: 10/10
  8170 | D:8      | Reached skill level 1 in Spellcasting
  8267 | D:8      | Found an iron altar of Okawaru.
  8273 | D:8      | Found a glowing silver altar of Zin.
  8277 | D:8      | Found a broken altar of Ashenzari.
  8322 | D:8      | Found a staircase to the Lair.
  8717 | D:9      | Found a stormy altar of Qazlal.
  8734 | D:9      | Noticed a two-headed ogre
  9395 | D:10     | Entered Level 10 of the Dungeon
  9445 | D:10     | Reached ** piety under Cheibriados
  9556 | D:10     | Reached skill level 7 in Fighting
  9641 | D:10     | Noticed Psyche
  9647 | D:10     | Killed Psyche
  9846 | D:10     | Found a hide-covered altar of Uskayaw.
  9979 | D:11     | Noticed a boulder beetle
 10009 | D:11     | Killed a boulder beetle
 10067 | D:11     | Reached skill level 5 in Throwing
 10110 | D:11     | Reached skill level 8 in Fighting
 10119 | D:11     | Noticed a sphinx
 10162 | D:11     | Noticed a manticore
 10180 | D:11     | Killed a manticore
 10251 | D:11     | Found a transporter.
 10256 | D:11     | Noticed Ekaitz's ghost (journeyman DsEE)
 10258 | D:11     | Found a transporter.
 10339 | D:11     | Noticed a two-headed ogre
 10353 | D:11     | Killed a two-headed ogre
 10354 | D:11     | Gained mutation: You regenerate health from kills. [demonic
                  | ancestry]
 10354 | D:11     | Reached XP level 11. HP: 74/87 MP: 15/15
 10437 | D:11     | Noticed a queen ant
 10438 | D:11     | Paralysed by a hornet for 1 turns
 10438 | D:11     | Reached *** piety under Cheibriados
 10441 | D:11     | Reached skill level 9 in Fighting
 10448 | D:11     | Killed a queen ant
 10449 | D:11     | Reached skill level 10 in Fighting
 10450 | D:11     | Noticed Erolcha
 10456 | D:11     | Noticed Maurice
 10460 | D:11     | Noticed a vampire knight
 10461 | D:11     | Killed Erolcha
 10529 | D:10     | HP: 3/92 [something (19)]
 10529 | D:10     | Slain by a vampire knight

Illustrated notes

Levels and vault maps discovered:
D:1:      eino_arrival_water_star, layout_basic
D:2:      layout_loops_ring, nicolae_overflow_hidden_temple,
          nzn_wu_jian_council_hall
D:3:      layout_rooms, makhleb_altar_promises_db, uniq_terence, uniq_robin,
          uniq_natasha
D:4:      layout_loops_corners, gammafunk_ghost_arena, uniq_menkaure
D:5:      layout_gridville, kiku_gazebo_garden_becter, serial_shops,
          kennysheep_mini_moat, minmay_misc_feat_tower, lightli_corner_chamber
D:6:      layout_basic, gammafunk_temple_overflow_statue, serial_corexii_hall,
          corexii_hall_statues_s, corexii_hall_statues_t, amethyst_killhole,
          uniq_duvessa
D:7:      layout_basic, temple_green
D:8:      layout_loops_ring, grunt_temple_overflow_open, elyvilon_altar_3,
          lair_entry_dummy, minmay_chambers_of_fives, uniq_gastronok
D:9:      layout_cave_pools, grunt_qazlal_sundering
D:10:     layout_rooms, basic_altar, hangedman_decor_lopped,
          minmay_crystal_water, uniq_psyche
D:11:     minmay_mutant_horseshoe, layout_irregular_city, gammafunk_ghost_arena,
          zaba_antful_of_joy, uniq_maurice, uniq_erolcha
Temple:   minmay_temple_curvy_loop

Skill      XL: |  1  2  3  4  5  6  7  8  9 10 11 |
---------------+----------------------------------+-----
Throwing       | 2 4 5 6 |  6.0
Dodging        | 3 4 5 6 7 |  7.0
Long Blades    | 3 4 6 7 |  7.0
Evocations     | 1 2 3 4 |  4.0
Fighting       | 3 4 5 6 8 10 | 10.6
Shields        | 4 |  4.0
Translocations | 3 |  3.0
Stealth        | 4 |  4.0
Spellcasting   | 3 |  3.0

Action                   |  1- 3 |  4- 6 |  7- 9 | 10-12 || total
-------------------------+-------+-------+-------+-------++-------
Melee: Long sword        |   107 |   125 |   297 |   247 ||   776
Throw: Dart              |     2 |    11 |     9 |    48 ||    70
       Javelin           |       |       |       |     4 ||     4
Invok: Bend Time         |       |       |       |     1 ||     1
Evoke: Wand              |     3 |     1 |     9 |    10 ||    23
       Condenser vane    |       |       |       |     1 ||     1
  Use: Scroll            |       |       |     9 |    10 ||    19
       Potion            |       |       |       |     1 ||     1
 Stab: Sleeping          |     2 |       |       |     2 ||     4
Armor: Leather armour    |    38 |     5 |       |       ||    43
       Ring mail         |       |    49 |    52 |    46 ||   147
Dodge: Dodged            |    86 |   105 |   112 |   120 ||   423
Block: Other             |     4 |    27 |     7 |       ||    38
       Buckler           |       |       |   172 |   207 ||   379
       Rpst.: Long sword |    26 |    31 |    30 |    34 ||   121
